 Seeded DCSS version 0.30.1-11-g7821555f0a (webtiles) character file.

Game seed: 5129858224507802926 (custom seed)

105 Psyclone the Conjurer (level 4, 18/36 HPs)
             Began as a Draconian Conjurer on Nov 13, 2023.
             Quit the game on level 4 of the Dungeon.
             The game lasted 00:00:54 (704 turns).

Psyclone the Conjurer (Draconian Conjurer)           Turns: 704, Time: 00:00:54

Health: 18/36      AC:  5    Str:  9    XL:     4   Next: 53%
Magic:  0/8        EV: 12    Int: 20    God:
Gold:   66         SH:  0    Dex: 10    Spells: 6/9 levels left

rFire   + + .        (no weapon)
rCold   . . .        (no shield)
rNeg    . . .        (body armour unavailable)
rPois   .            (helmet restricted)
rElec   .            (no cloak)
rCorr   .            (no gloves)
SInv    .            (no boots)
Will    .....        (no amulet)
Stlth   ++           (no ring)
HPRegen 0.26/turn    (no ring)
MPRegen 0.11/turn

%: no passive effects
@: no status effects
A: AC +5, unfitting armour, cold-blooded, horns 1, fire resistance 2, robust 1,
wild magic 1, evolution 1
a: no special abilities


You were on level 4 of the Dungeon.
You visited 1 branch of the dungeon, and saw 4 of its levels.

You collected 66 gold pieces.

Inventory:

Scrolls
 c - a scroll of amnesia {unknown}
 d - a scroll of vulnerability {unknown}
Potions
 a - a potion of magic
 b - a potion of might {unknown}
 e - a potion of mutation


   Skills:
 - Level 1.7 Dodging
 - Level 1.7 Stealth
 + Level 3.0 Spellcasting
 * Level 5.4 Conjurations


You had 6 spell levels left.
You knew the following spells:

 Your Spells              Type           Power      Damage    Failure   Level
a - Magic Dart            Conj           100%       1d8       3%          1
b - Searing Ray           Conj           64%        2d6       4%          2

Your spell library contained the following spells:

 Spells                   Type           Power      Damage    Failure   Level
 Dazzling Flash           Conj/Hex       36%        N/A       21%         3
 Fulminant Prism          Conj/Hex       9%         3d6       52%         4
 Iskenderun's Mystic Bla  Conj/Tloc      18%        2d6       52%         4


Dungeon Overview and Level Annotations

Branches:
Dungeon (4/15) Zot: 23296  Temple (0/1) D:4

Altars:

Shops:
D:2 =


Innate Abilities, Weirdness & Mutations

Your plain brown scales are hard. (AC +5)
You cannot fit into any form of body armour.
You are cold-blooded and may be slowed by cold attacks.
You have a pair of small horns on your head.
Your flesh is very heat resistant. (rF++)
You are robust. (+10% HP)
Your spells are a little harder to cast, but a little more powerful.
You have hidden genetic potential.


Message History

You don't have enough magic to cast this spell.
Unknown command.
Casting: Searing Ray (safe; 4% risk of failure)
Confirm with . or Enter, or press ? or * to list all spells.
You don't have enough magic to cast this spell.
Unknown command.
You hit the iguana but do no damage.
The iguana is almost dead.
The iguana closely misses you.
You hit the iguana but do no damage.
The iguana is almost dead.
The iguana bites you.
You take 6 damage, and have 17/36 hp.
You barely miss the iguana.
The iguana is almost dead.
The iguana bites you but does no damage.
You closely miss the iguana.
The iguana is almost dead.
The iguana completely misses you.
You hit the iguana but do no damage.
You headbutt the iguana, but do no damage.
The iguana is almost dead.
The iguana bites you.
You take 2 damage, and have 16/36 hp.
You hit the iguana. Your headbutt misses the iguana.
The iguana is almost dead.
The iguana bites you but does no damage.
Casting: Searing Ray (safe; 4% risk of failure)
Confirm with . or Enter, or press ? or * to list all spells.
Aiming: Magic Dart (safe; 3% risk of failure)
Press: ? - help, Shift-Dir - straight line, f/p - iguana
Aim: an iguana (almost dead, 100% to hit)
The magic dart hits the iguana.
You kill the iguana!
Your Spellcasting skill increases to level 3!
You now have 0/8 mp.
You now have 66 gold pieces (gained 8).
Unknown command.
Unknown command.
Are you sure you want to abandon this character and quit the game? (Confirm with "yes".)

.....#........##
#.................
###.........#...#.#####
#......P.P.............
.#.......>.....#........
........P.P.............
.............##........
#.....##..##........
#..@..#...##........
#.##.....###........ #
#.###.# #........ ...)
..# ##.###### #.....##.#
#.# #.######.# ..# ##
..# .### ....


There were no monsters in sight!

Vanquished Creatures
  An orc priest (D:3)
  An iguana (D:4)
  An orc wizard (D:3)
  A dart slug (D:2)
  2 orcs (D:3)
  2 bats (D:2)
  3 endoplasms
  3 goblins
  2 hobgoblins (D:2)
  A quokka (D:2)
  2 ball pythons (D:2)
  A rat (D:1)
20 creatures vanquished.

Notes
Turn   | Place    | Note
-------+----------+-------------------------------------------
     0 | D:1      | Psyclone the Draconian Conjurer began the quest for the
                  | Orb.
     0 | D:1      | Reached XP level 1. HP: 14/14 MP: 3/3
   100 | D:2      | Gained mutation: Your flesh is heat resistant. (rF+)
                  | [potion of mutation]
   100 | D:2      | Gained mutation: You are robust. (+10% HP) [potion of
                  | mutation]
   100 | D:2      | Gained mutation: You have a beak for a mouth. [potion of
                  | mutation]
   100 | D:2      | Gained mutation: You passively dampen the noise of your
                  | surroundings. [potion of mutation]
   151 | D:2      | Found Zutuxkoi's Jewellery Shop.
   227 | D:2      | Lost mutation: You passively dampen the noise of your
                  | surroundings. [potion of mutation]
   227 | D:2      | Lost mutation: You have a beak for a mouth. [potion of
                  | mutation]
   227 | D:2      | Gained mutation: You have a pair of small antennae on your
                  | head. [potion of mutation]
   227 | D:2      | Gained mutation: Your spells are a little harder to cast,
                  | but a little more powerful. [potion of mutation]
   227 | D:2      | Gained mutation: Your flesh is very heat resistant. (rF++)
                  | [potion of mutation]
   227 | D:2      | Gained mutation: You are strong-willed. (Will+) [potion of
                  | mutation]
   289 | D:2      | Reached XP level 2. HP: 22/22 MP: 1/5
   391 | D:2      | Learned a level 2 spell: Searing Ray
   460 | D:3      | Reached XP level 3. HP: 19/28 MP: 1/6
   461 | D:3      | Reached skill level 5 in Conjurations
   461 | D:3      | Reached XP level 4. HP: 24/36 MP: 0/8
   541 | D:3      | Lost mutation: You are strong-willed. (Will+) [potion of
                  | mutation]
   541 | D:3      | Lost mutation: You have a pair of small antennae on your
                  | head. [potion of mutation]
   541 | D:3      | Gained mutation: You have a pair of small horns on your
                  | head. [potion of mutation]
   541 | D:3      | Gained mutation: You have hidden genetic potential. [potion
                  | of mutation]
   654 | D:4      | Found a staircase to the Ecumenical Temple.
   704 | D:4      | Quit the game

Illustrated notes

Levels and vault maps discovered:
D:1:      saegor_arrival_simple_c, layout_rooms, serial_shops, shop,
          kennysheep_nondescript, minmay_misc_feat_ornament
D:2:      layout_basic, serial_shops, nicolae_shop_tiny_statue_garden,
          nicolae_shop_scrapyard, shop, shop
D:3:      layout_loops_ring
D:4:      layout_rooms, elyvilon_altar_1, minmay_temple_entry_trees,
          uniq_eustachio

Skill      XL: |  1  2  3  4 |
---------------+-------------+-----
Conjurations   | 5 |  5.4
Spellcasting   | 3 |  3.0
Dodging        | |  1.7
Stealth        | |  1.7

Action                     |  1- 3 |  4- 6 || total
---------------------------+-------+-------++-------
  Melee: Unarmed           |       |     8 ||     8
         Headbutt          |       |     1 ||     1
   Cast: Magic Dart        |    17 |     7 ||    24
         Searing Ray       |     1 |     3 ||     4
    Use: Potion            |     2 |     1 ||     3
 Armour: Skin              |     2 |     3 ||     5
  Dodge: Dodged            |     2 |     7 ||     9
